 Dungeon Crawl Stone Soup version 0.19-a0-1170-g18f0c96 (webtiles) character file.

232 HaroldButt the Firebug (level 5, -5/28 HPs)
             Began as a Deep Elf Fire Elementalist on Aug 17, 2016.
             Slain by Duvessa
             ... wielding a +0 short sword of venom
              (15 damage)
             ... on level 5 of the Dungeon.
             The game lasted 00:15:13 (3884 turns).

HaroldButt the Firebug (Deep Elf Fire Elementalist) Turns: 3884, Time: 00:15:14

Health: -5/28      AC:  7    Str:  5    XL:     5   Next: 73%
Magic:  11/11      EV: 13    Int: 21    God:
Gold:   153        SH:  0    Dex: 15    Spells: 3 memorised, 4 levels left

rFire  . . .     SeeInvis .     g - +0 dagger
rCold  . . .     Gourm    .     a - +0 robe
rNeg   . . .     Faith    .     (no shield)
rPois  .         Spirit   .     u - +1 helmet
rElec  .         Dismiss  .     k - +2 cloak
rCorr  .         Reflect  .     (no gloves)
MR     .....     Harm     .     (no boots)
Stlth  ++........               (no amulet)
                                (no ring)
                                (no ring)

@: lethally poisoned (-5 -> -15)
A: no striking features
a: no special abilities


You were on level 5 of the Dungeon.
You were hungry.

You visited 1 branch of the dungeon, and saw 5 of its levels.

You collected 153 gold pieces.


   Skills:
 - Level 2.4 Dodging
 - Level 2.4 Stealth
 - Level 3.0 Spellcasting
 - Level 1.1 Conjurations
 + Level 7.1 Fire Magic


You had 4 spell levels left.
You knew the following spells:

 Your Spells              Type           Power        Failure   Level  Hunger
x - Throw Flame           Conj/Fire      ###...       4%          2    ##.....
z - Flame Tongue          Conj/Fire      ###..        2%          1    None
Z - Conjure Flame         Conj/Fire      ###.....     10%         3    ###....

Inventory:

Hand Weapons
 g - a +0 dagger (weapon)
Armour
 a - a +0 robe (worn)
 k - a +2 cloak (worn)
 o - a +0 buckler
 u - a +1 helmet (worn)
Scrolls
 d - a scroll of fear
 e - a scroll of recharging
 f - a scroll of immolation {!r}
 l - 2 scrolls of remove curse
Potions
 h - a potion of invisibility {unknown}
 m - 2 potions of haste {unknown}
 n - a potion of ambrosia {unknown}
 q - 2 potions of flight {unknown}
 r - 2 potions of heal wounds {unknown}
 v - 2 potions of cancellation {unknown}
 w - a potion of agility {unknown}
 A - a potion of curing {@q1}
Books
 b - a book of Flames

   Spells                             Type                      Level
   a - Flame Tongue                   Conjuration/Fire             1
   b - Throw Flame                    Conjuration/Fire             2
   c - Conjure Flame                  Conjuration/Fire             3
   d - Inner Flame                    Hexes/Fire                   3
   e - Sticky Flame                   Conjuration/Fire             4
   f - Fireball                       Conjuration/Fire             5
Comestibles
 c - 4 bread rations
 p - 2 meat rations

Dungeon Overview and Level Annotations

Branches:
Dungeon (5/15)
 Temple: D:4-7

Altars:

Annotations:
D:4 Eustachio
D:5 Duvessa

▒..▒ ▒..▒
▒..▒ ▒..▒
▒..▒ ▒..▒
▒..▒ ▒▒▒▒.e▒
▒...e.▒
▒.▒▒▒.......
▒ .▒▒▒▒.▒ .▒
.▒ .▒ .▒ .▒


You could see Duvessa (berserk).


Message History

Duvessa rages.
Duvessa barely misses you. Duvessa completely misses you.
You hear a loud, deep croak!
You hear a croak.
Duvessa hits you with a short sword of venom!
You are lethally poisoned!
You hear an angry hiss.
* * * LOW HITPOINT WARNING * * *
You feel sick.
* * * LOW HITPOINT WARNING * * *
You feel sick. Duvessa closely misses you.
You hear a croak.
There is a stone staircase leading down here.
* * * LOW HITPOINT WARNING * * *
You feel sick. Duvessa hits you but does no damage.
You climb downwards.
* * * LOW HITPOINT WARNING * * *
You feel sick.
There is a stone staircase leading up here.
As you read the scroll of fear, it crumbles to dust.
You assume a fearsome visage.
Duvessa resists with some effort.
* * * LOW HITPOINT WARNING * * *
You feel sick.
Duvessa hits you with a short sword of venom!
Ouch! That really hurt!
You die...

Action                   |  1- 3 |  4- 6 || total
-------------------------+-------+-------++-------
Melee: Dagger            |    41 |    26 ||    67
 Cast: Flame Tongue      |    66 |    74 ||   140
       Throw Flame       |       |    23 ||    23
  Use: Scroll            |       |    10 ||    10
 Stab: Sleeping          |     4 |     4 ||     8
  Eat: Chunk             |     3 |     6 ||     9
Armor: Robe              |    23 |    26 ||    49
Dodge: Dodged            |    71 |    69 ||   140

Vault maps used:
D:1:      noname_arrival_rooms_in_the_neighbourhood
D:4:      columned_hall_lemuel, lemuel_old_faithful, uniq_eustachio,
          uniq_duvessa
D:5:      nemelex_xobeh_ov_fountains_minmay, tso_altar, first_bread,
          nicolae_alphabet_shops

Notes
Turn   | Place    | Note
-------+----------+-------------------------------------------
     0 | D:1      | HaroldButt the Deep Elf Fire Elementalist began the quest for the Orb.
     0 | D:1      | Reached XP level 1. HP: 10/10 MP: 6/6
   317 | D:1      | Reached skill level 4 in Fire Magic
   317 | D:1      | Reached XP level 2. HP: 15/15 MP: 5/8
   388 | D:1      | Learned a level 2 spell: Throw Flame
   479 | D:1      | You fall through a shaft!
  1058 | D:1      | Reached XP level 3. HP: 16/19 MP: 7/9
  1248 | D:2      | Reached skill level 5 in Fire Magic
  1827 | D:2      | Reached XP level 4. HP: 16/24 MP: 5/10
  1864 | D:2      | Learned a level 3 spell: Conjure Flame
  2338 | D:3      | Reached skill level 6 in Fire Magic
  2473 | D:3      | Reached XP level 5. HP: 15/28 MP: 2/11
  3187 | D:4      | Noticed Eustachio
  3463 | D:4      | Killed Dowan
  3688 | D:5      | Entered Level 5 of the Dungeon
  3758 | D:4      | Reached skill level 7 in Fire Magic
  3869 | D:4      | Noticed Duvessa
  3884 | D:5      | Slain by Duvessa

Vanquished Creatures
  A hound (D:3)
  An orc wizard (D:3)
  2 worker ants
  3 adders
  2 oozes (D:2)
  4 worms
  2 dart slugs
  3 giant geckos
  3 orcs (D:3)
  7 bats
  6 giant cockroaches
  5 hobgoblins
  10 jackals
  6 kobolds
  A quokka (D:2)
  A ball python (D:2)
  2 giant newts
  7 goblins
  2 rats (D:3)
68 creatures vanquished.

Vanquished Creatures (others)
  Dowan (D:4)
1 creature vanquished.

Grand Total: 69 creatures vanquished
